AoeStats
← 且听风语

Black Forest

510174650Analyzed
4v4 RM · 2d ago on Sep 29, 2026· 52m 3s· 8 players
Game mode
Random Map
Map size
Large (8 player)
Population
200
Speed
Normal
Resources
Standard
Victory
Conquest
Starting age
Dark Age
Ending age
Imperial Age
RankedLock teamsTeams togetherTeam positionsShared explorationLock speedFull tech treeHidden civsTurbo modeCheats
Victory
Defeat
🇹🇷 Britons · Türkiye
1282
+14
🇫🇷 Saracens · France
1170
+18
🇫🇷 Varangians · France
1157
+19
🇨🇳 Saxons · China
1151
+19
🇨🇱 Aztecs · Chile
1278
-19
🇨🇳 Koreans · China
1234
-18
🇦🇷 Cumans · Argentina
1212
-17
🇫🇷 Teutons · France
1175
-16
Alexiỗs
6:19 Loom
10:58 Feudal Age
12:10 Double-Bit Axe
14:59 Castle Age
13:05 Horse Collar
16:09 Bow Saw
16:02 Heavy Plow
16:42 Gold Mining
21:50 Wheelbarrow
22:46 Hand Cart
22:40 Stone Mining
28:16 Imperial Age
26:26 Stone Shaft Mining
25:45 Gold Mining
26:12 Scale Mail Armor
26:23 Forging
27:17 Chain Mail Armor
28:31 Iron Casting
30:00 Chemistry
29:33 Plate Mail Armor
30:06 Two-Man Saw
29:41 Crop Rotation
28:55 Elite Teutonic Knight
30:59 Blast Furnace
32:20 Hoardings
32:05 Conscription
31:59 Squires
31:45 Arson
32:39 Masonry
33:17 Town Watch
33:42 Caravan
33:50 Siege Engineers
33:31 Arrowslits
35:20 Crenellations
35:06 Fletching
36:22 Ironclad
36:00 Bodkin Arrow
36:12 Scale Barding Armor
36:36 Town Patrol
46:02 Chain Barding Armor
45:42 Cavalier
46:55 Bloodlines
46:50 Paladin
48:56 Plate Barding Armor
bastianbps
2:12 Loom
11:34 Feudal Age
15:29 Castle Age
13:32 Double-Bit Axe
14:08 Horse Collar
16:29 Bow Saw
17:01 Heavy Plow
17:09 Fletching
20:10 Bodkin Arrow
22:19 Crossbowman
24:54 Padded Archer Armor
27:20 Wheelbarrow
28:19 Hand Cart
34:00 Imperial Age
32:58 Leather Archer Armor
33:05 Ballistics
32:26 Treadmill Crane
33:57 Gold Mining
33:59 Stone Mining
34:44 Bracer
35:46 Chemistry
34:45 Arbalester
40:12 Conscription
43:42 Atlatl
44:05 Garland Wars
46:12 Elite Skirmisher
小尚
0:52 Loom
11:48 Feudal Age
17:33 Castle Age
15:22 Horse Collar
16:52 Stone Mining
17:13 Double-Bit Axe
18:48 Bow Saw
22:03 Wheelbarrow
26:29 Fletching
27:57 Hand Cart
29:47 Bodkin Arrow
30:16 Ballistics
36:17 Imperial Age
34:33 Eupseong
35:06 Masonry
34:54 Town Watch
36:25 Elite War Wagon
37:25 Bracer
38:16 Conscription
40:44 Chemistry
42:08 Caravan
41:47 Elite Skirmisher
42:33 Thumb Ring
45:09 Architecture
choripan con chimi
11:57 Feudal Age
12:57 Double-Bit Axe
12:44 Man-at-Arms
14:10 Forging
15:58 Horse Collar
16:29 Scale Mail Armor
20:49 Wheelbarrow
24:56 Gold Mining
27:19 Castle Age
27:27 Castle Age
25:31 Stone Mining
29:24 Gold Shaft Mining
29:31 Bow Saw
29:23 Heavy Plow
30:45 Caravan
34:53 Imperial Age
35:22 Iron Casting
34:53 Scale Barding Armor
34:43 Fletching
34:54 Padded Archer Armor
35:09 Chain Mail Armor
35:53 Hand Cart
36:14 Bloodlines
35:25 Elite Steppe Lancer
37:25 Blast Furnace
37:53 Chain Barding Armor
37:28 Loom
38:29 Conscription
38:15 Steppe Husbandry
41:31 Plate Barding Armor
41:38 Squires
40:59 Long Swordsman
42:34 Chain Mail Armor
42:36 Town Watch
42:59 Cuman Mercenaries
43:16 Elite Skirmisher
48:47 Chemistry
48:07 Ballistics
RicH33
1:30 Loom
12:29 Feudal Age
17:57 Castle Age
16:22 Fishing Lines
17:06 Scale Mail Armor
16:59 Fletching
18:15 Crossbowman
21:16 Bodkin Arrow
25:32 Double-Bit Axe
25:55 Gillnets
26:38 Padded Archer Armor
26:55 Gold Mining
28:18 Gold Shaft Mining
28:01 Horse Collar
28:42 Bow Saw
30:33 Leather Archer Armor
33:32 Wheelbarrow
33:28 Heavy Plow
34:38 Wheelbarrow
37:30 Imperial Age
36:39 Thumb Ring
37:18 Elite Skirmisher
38:26 Bracer
38:57 Ring Archer Armor
39:39 Ballistics
40:21 Chemistry
39:48 Arbalester
43:55 Caravan
50:26 Coinage
51:04 Stone Mining
52:22 Two-Man Saw
52:08 Banking
Pulse it
11:25 Feudal Age
15:54 Castle Age
14:30 Double-Bit Axe
17:10 Bow Saw
19:23 Horse Collar
21:56 Scale Mail Armor
22:46 Loom
22:49 Town Watch
23:41 Wheelbarrow
23:36 Squires
25:06 Chain Mail Armor
25:20 Gambesons
26:51 Arson
27:18 Forging
29:32 Iron Casting
29:11 Gold Mining
29:54 Heavy Plow
33:02 Imperial Age
32:29 Stone Mining
33:25 Hand Cart
32:56 Town Watch
33:57 Elite Varangian Guard
35:37 Plate Mail Armor
36:42 Two-Man Saw
36:18 Stone Shaft Mining
36:45 Blast Furnace
36:02 Onager
36:22 Gothikon
37:17 Capped Ram
40:13 Caravan
39:58 Siege Ram
47:18 Conscription
48:37 Crop Rotation
49:34 Elite Jarl
50:12 Pikeman
51:35 Scale Barding Armor
51:58 Halberdier
且听风语
2:36 Loom
3:50 Loom
12:41 Feudal Age
13:16 Double-Bit Axe
19:24 Castle Age
21:31 Fletching
25:09 Scale Mail Armor
25:21 Forging
26:20 Bow Saw
28:13 Iron Casting
32:59 Bodkin Arrow
33:21 Chain Mail Armor
36:13 Imperial Age
33:53 Gold Mining
33:54 Horse Collar
35:33 Squires
34:54 Pikeman
35:23 Gambesons
35:23 Arson
36:38 Halberdier
40:59 Shield Wall
43:29 Heavy Plow
49:40 Plate Mail Armor
Tokira
6:19 Loom
10:58 Feudal Age
12:11 Double-Bit Axe
17:47 Fishing Lines
20:34 Castle Age
21:06 Gold Mining
21:08 Stone Mining
22:47 Bow Saw
24:25 Gillnets
27:50 Padded Archer Armor
28:53 Gold Shaft Mining
29:00 Wheelbarrow
28:10 Town Watch
31:08 Imperial Age
29:16 Wheelbarrow
29:00 Fletching
30:15 Ballistics
29:54 Bodkin Arrow
30:14 Leather Archer Armor
31:12 Leather Archer Armor
31:23 Hand Cart
31:10 Town Patrol
31:29 Treadmill Crane
32:51 Chemistry
31:53 Bracer
32:23 Ring Archer Armor
32:47 Conscription
33:26 Yeomen
33:33 Yeomen
33:37 Elite Longbowman
35:17 Ring Archer Armor
35:56 Coinage
36:24 Warwolf
37:00 Hoardings
39:51 Murder Holes
40:01 Siege Engineers
40:06 Masonry
41:54 Banking
42:16 Caravan
Connection lost

Rejoining the realm…

Still unreachable

The connection could not be restored.

Session expired

The server has moved on; the page needs a fresh start.